 Dungeon Sprint DCSS version 0.26-a0-663-g36e8fdb655 (webtiles) character file.

Game seed: 6148645521251796824

368 olmar the Martial Artist (level 6, -4/34 HPs)
             Began as a Merfolk Transmuter on Oct 10, 2020.
             Slain by a neqoxec (11 damage)
             ... in the Dungeon (Sprint II: "The Violet Keep of Menkaure").
             The game lasted 00:00:42 (96 turns).

olmar the Martial Artist (Merfolk Transmuter)         Turns: 96, Time: 00:00:42

Health: -4/34      AC:  2    Str: 12      XL:     6   Next: 69%
Magic:  10/11      EV: 16    Int:  9 (11) God:
Gold:   0          SH:  0    Dex: 12      Spells: 8/16 levels left

rFire    . . .     SeeInvis .     - Unarmed
rCold    . . .     Faith    .   (no shield)
rNeg     . . .     Spirit   .   a - +0 robe
rPois    .         Reflect  .   (no helmet)
rElec    .         Harm     .   (no cloak)
rCorr    .         Rampage  .   (no gloves)
MR       .....     NoTele   +   (no boots)
Stlth    +.........             (no amulet)
HPRegen  0.11/turn              (no ring)
MPRegen  0.12/turn              (no ring)

@: no status effects
A: change form in water, swift swim, stealthy swim, blurry vision 1, clumsy 1,
dopey 1, frail 2, low mp 2, screaming 1
a: no special abilities


You were in the Dungeon.
You visited 1 branch

Inventory:

Armour
 a - a +0 robe (worn)
Scrolls
 h - a scroll of blinking
Potions
 f - 2 potions of magic


   Skills:
 + Level 1.4 Fighting
 + Level 7.5 Dodging
 + Level 11.3 Unarmed Combat
 + Level 5.6 Spellcasting
 + Level 7.0 Transmutations


You had 8 spell levels left.
You knew the following spells:

 Your Spells              Type           Power        Failure   Level
a - Beastly Appendage     Tmut           ###...       1%          1
b - Blade Hands           Tmut           ###.......   34%         5
c - Wereblood             Tmut           ###.....     1%          2

Your spell library contained the following spells:

 Spells                   Type           Power        Failure   Level
 Spider Form              Tmut/Pois      #.........   16%         3
 Ice Form                 Ice/Tmut       #.......     47%         4


Dungeon Overview and Level Annotations

Branches:
Dungeon (1/1)

Altars:

Shops:
D !}[?!![


Innate Abilities, Weirdness & Mutations

You revert to your normal form in water.
You are very nimble and swift while swimming.
You are very stealthy in the water. (Stealth+)
Scrolls take you a little longer to read.
You are clumsy. (Dex -2)
You are dopey. (Int -2)
You are very frail. (-20% HP)
Your magical capacity is very low. (-20% MP)
You occasionally shout uncontrollably at your foes.


Message History

The neqoxec gestures at you.
Strange energies course through your body.
You feel frail.
You miss the neqoxec.
The neqoxec is severely wounded.
The neqoxec gestures at you.
You feel dopey. Something feeds on your intellect!
You closely miss the neqoxec.
The neqoxec is severely wounded.
The neqoxec misses you.
You punch the neqoxec!
The neqoxec is almost dead.
The neqoxec completely misses you.
You hit the neqoxec but do no damage.
The neqoxec is almost dead.
You closely miss the neqoxec.
The neqoxec is almost dead.
The neqoxec hits you!
You die...

.... ⌠... .∩..#
∩.∩.# ##
.∩.3#≈##.# #+#
..∩.#≈#..###.##
...∩'≈'$##'.<.+
....#≈#.#@##.##
▓▓### ##3###+#
#### ###


You could see a neqoxec.

Vanquished Creatures
  3 neqoxecs (D)
3 creatures vanquished.

Vanquished Creatures (others)
  Menkaure (D)
1 creature vanquished.

Grand Total: 4 creatures vanquished

Notes
Turn   | Place    | Note
-------+----------+-------------------------------------------
     0 | D        | olmar the Merfolk Transmuter began the quest for the Orb.
     0 | D        | Reached XP level 1. HP: 15/15 MP: 3/3
     1 | D        | Noticed a neqoxec
     2 | D        | Gained mutation: Your magical capacity is low. (-10% MP) [a
                  | neqoxec]
     8 | D        | Killed a neqoxec
     8 | D        | Reached skill level 5 in Dodging
     8 | D        | Reached skill level 8 in Unarmed Combat
     8 | D        | Reached skill level 5 in Transmutations
     8 | D        | Reached XP level 2. HP: 10/21 MP: 2/6
     8 | D        | Reached XP level 3. HP: 13/26 MP: 2/7
     8 | D        | Reached XP level 4. HP: 16/32 MP: 2/9
     8 | D        | Reached XP level 5. HP: 18/37 MP: 2/10
    11 | D        | Found Modduix's Distillery.
    11 | D        | Found Vaxippi's Antique Armour Emporium.
    11 | D        | Found Isurewk's Magic Scroll Emporium.
    11 | D        | Found Inageuxe's Gadget Shoppe.
    11 | D        | Noticed a neqoxec
    11 | D        | Noticed a neqoxec
    14 | D        | Gained mutation: You occasionally shout uncontrollably at
                  | your foes. [a neqoxec]
    15 | D        | Gained mutation: You are clumsy. (Dex -2) [a neqoxec]
    24 | D        | Gained mutation: Your magical capacity is very low. (-20%
                  | MP) [a neqoxec]
    28 | D        | Gained mutation: You are frail. (-10% HP) [a neqoxec]
    29 | D        | Gained mutation: You are dopey. (Int -2) [a neqoxec]
    30 | D        | Gained mutation: Scrolls take you a little longer to read.
                  | [a neqoxec]
    35 | D        | HP: 1/33 [neqoxec (10)]
    36 | D        | Killed a neqoxec
    36 | D        | Reached skill level 10 in Unarmed Combat
    36 | D        | Reached skill level 5 in Spellcasting
    36 | D        | Reached XP level 6. HP: 1/38 MP: 4/10
    43 | D        | Killed a neqoxec
    43 | D        | Reached skill level 11 in Unarmed Combat
    71 | D        | Killed Menkaure
    74 | D        | Learned a level 5 spell: Blade Hands
    77 | D        | Learned a level 2 spell: Wereblood
    78 | D        | Found Tuecseth's Armour Emporium.
    78 | D        | Found Haemireho's Distillery.
    78 | D        | Found Zialoror's Distillery.
    78 | D        | Noticed a neqoxec
    91 | D        | Gained mutation: You are very frail. (-20% HP) [a neqoxec]
    96 | D        | Slain by a neqoxec

Illustrated notes

Levels and vault maps discovered:
D:        the_violet_keep_of_menkaure [sprint2_stairs_cluster_1,
          sprint2_shoproom, sprint2_temple, sprint2_basic_supplies,
          sprint2_obstacle_3, sprint2_obstacle_6, sprint2_obstacle_4,
          sprint2_obstacle_2, sprint2_obstacle_7, sprint2_timed_cluster_1,
          sprint2_smallroom_cluster_1, sprint2_smallroom_final_cluster_1,
          sprint2_transparent_cluster_1, sprint2_second_timed_cluster_1,
          sprint2_sniper_area_1, sprint2_heavy_combat_area_1,
          sprint2_mutation_trap_area_1, sprint2_forest_area_1,
          sprint2_light_combat_area_1, sprint2_behind_water_1,
          sprint2_near_end_vault_1]

Skill      XL: |  1  2  3  4  5  6 |
---------------+-------------------+-----
Dodging        | 5 6 7 |  7.5
Unarmed Combat | 8 10 11 | 11.3
Spellcasting   | 4 5 |  5.6
Transmutations | 5 6 7 |  7.0
Fighting       | |  1.4

Action                   |  1- 3 |  4- 6 || total
-------------------------+-------+-------++-------
Melee: Unarmed           |     5 |    36 ||    41
       Headbutt          |     2 |     3 ||     5
       Punch             |       |     2 ||     2
 Cast: Beastly Appendage |     1 |     1 ||     2
  Use: Potion            |     1 |     3 ||     4
Armor: Robe              |       |     4 ||     4
Dodge: Dodged            |       |    24 ||    24

Table legend: (Time is in decaauts)
 A = Elapsed time spent in this place.
 B = Non-inter-level travel time spent in this place.
 C = Inter-level travel time spent in this place.
 D = Time resting spent in this place.
 E = Time spent auto-exploring this place.
 F = Levels seen in this place.
 G = Mean time per level.
                   A        B        C        D        E       F      G
               +--------+--------+--------+--------+--------+-----+--------+
         Total |     84 |     84 |      0 |     21 |      0 |   1 |   84.0 |
       Dungeon |     84 |     84 |      0 |     21 |      0 |   1 |   84.0 |
               +--------+--------+--------+--------+--------+-----+--------+

Top non-repeatable levels by time:
       D: 84 daAuts
